 Dungeon Crawl Stone Soup version 0.23.0-3-gf3c87f2 (webtiles) character file.

Game seed: 16589749159245646379

37 Madoushi the Firebug (level 3, 0/27 HPs)
             Began as a Draconian Fire Elementalist on Feb 23, 2019.
             Slain by a kobold (3 damage)
             ... on level 2 of the Dungeon.
             The game lasted 00:07:44 (2270 turns).

Madoushi the Firebug (Draconian Fire Elementalist)  Turns: 2270, Time: 00:07:45

Health: 0/27       AC:  5    Str: 10    XL:     3   Next: 23%
Magic:  4/6        EV: 12    Int: 16    God:
Gold:   73         SH:  0    Dex: 11    Spells: 5/6 levels left

rFire    . . .     SeeInvis .   i - -2 short sword (curse)
rCold    . . .     Gourm    .   (no shield)
rNeg     . . .     Faith    .   (armour unavailable)
rPois    .         Spirit   .   (helmet restricted)
rElec    .         Reflect  .   (no cloak)
rCorr    .         Harm     .   (no gloves)
MR       .....                  (no boots)
Stlth    ++........             (no amulet)
HPRegen  0.09/turn              (no ring)
MPRegen  0.10/turn              (no ring)

@: no status effects
A: unfitting armour, cold-blooded, AC +5
a: no special abilities


You were on level 2 of the Dungeon.
You were not hungry.

You visited 1 branch of the dungeon, and saw 2 of its levels.

You collected 73 gold pieces.

Inventory:

Hand Weapons
 a - a +0 dagger
 c - a +0 dagger
 i - a cursed -2 short sword (weapon)
Jewellery
 d - an uncursed amulet of magic regeneration {unknown}
 e - an uncursed ring of resist corrosion {unknown}
Potions
 g - a potion of ambrosia {unknown}
 h - 2 potions of heal wounds {unknown}
Comestibles
 b - 4 rations


   Skills:
 + Level 0.3 Fighting
 + Level 2.4 Dodging
 + Level 2.0 Stealth
 + Level 0.1 Unarmed Combat
 + Level 2.3 Spellcasting
 + Level 1.3 Conjurations
 + Level 3.2 Fire Magic


You had 5 spell levels left.
You knew the following spells:

 Your Spells              Type           Power        Failure   Level  Hunger
a - Flame Tongue          Conj/Fire      #....        8%          1    #......

Your spell library contained the following spells:

 Spells                   Type           Power        Failure   Level  Hunger
 Throw Flame              Conj/Fire      #.....       12%         2    ###....
 Conjure Flame            Conj/Fire      #.......     24%         3    ###....
 Inner Flame              Hex/Fire       #.......     30%         3    ###....
 Sticky Flame             Conj/Fire      #.......     61%         4    #####..
 Fireball                 Conj/Fire      #.........   91%         5    ######.


Dungeon Overview and Level Annotations

Branches:
Dungeon (2/15)

Altars:


Innate Abilities, Weirdness & Mutations

Your plain brown scales are hard. (AC +5)
You cannot fit into any form of body armour.
You are cold-blooded and may be slowed by cold attacks.


Message History

The kobold hits you but does no damage. The rat closely misses you.
The jackal barely misses you.
You hit the kobold.
The kobold is heavily wounded.
The jackal misses you. The adder closely misses you. The jackal bites you.
* * * LOW HITPOINT WARNING * * *
The kobold closely misses you. The rat barely misses you.
The jackal barely misses you. The adder closely misses you.
As you read the scroll of fear, it crumbles to dust.
You assume a fearsome visage.
The jackal looks frightened!
The rat looks frightened!
The kobold looks frightened!
The adder looks frightened!
The jackal looks frightened!
Firing (i - inventory) No suitable missiles.
Press: ? - help, Shift-Dir - straight line, f/p - kobold
Aim: a kobold (heavily wounded, fleeing)
Okay, then.
You climb downwards.
The kobold hits you with a +0 dagger.
* * * LOW HITPOINT WARNING * * *
The kobold hits you.
You die...

##..(.. . ...#.#h#
#.##..#.#.#
........#.#
........#.#
#.......#.# ##
..........###.######
#.....K@............
#.#.#.K.<...........
#.........$.##..#.
#....####.### #....
##.# ...... #.#
#.##.#. ## #. #.#. #


You could see 2 kobolds.

Vanquished Creatures
  2 dart slugs (D:1)
  3 leopard geckos (D:1)
  2 giant cockroaches (D:1)
  3 goblins (D:1)
  4 hobgoblins (D:1)
  2 jackals (D:1)
  5 kobolds (D:1)
  A quokka (D:2)
  4 bats (D:1)
  3 frilled lizards (D:1)
29 creatures vanquished.

Notes
Turn   | Place    | Note
-------+----------+-------------------------------------------
     0 | D:1      | Madoushi the Draconian Fire Elementalist began the quest
                  | for the Orb.
     0 | D:1      | Reached XP level 1. HP: 14/14 MP: 3/3
   430 | D:1      | Reached XP level 2. HP: 20/20 MP: 0/5
  1327 | D:1      | You fall through a shaft!
  1341 | D:2      | Reached XP level 3. HP: 7/26 MP: 1/6
  2270 | D:2      | Slain by a kobold

Skill      XL: |  1  2 |
---------------+-------+-----
Dodging        | 2 |  2.4
Stealth        | 2 |  2.0
Fighting       | |  0.3
Unarmed Combat | |  0.1
Spellcasting   | |  2.3
Conjurations   | |  1.3
Fire Magic     | |  3.2

Action                   || total
-------------------------++-------
Melee: Unarmed           ||    30
       Tailslap          ||    13
       Dagger            ||    54
       Short sword       ||    17
 Cast: Flame Tongue      ||    27
  Use: Scroll            ||     2
 Stab: Sleeping          ||     1
  Eat: Ration            ||     2
Armor: Skin              ||    68
Dodge: Dodged            ||   146
